 Dungeon Crawl Stone Soup version 0.28.0-53-g5a82cb258f (webtiles) character file.

Game seed: 11500283310899105800

63 safid the Skirmisher (level 4, 0/40 HPs)
             Began as a Hill Orc Fighter on July 31, 2022.
             Slain by Natasha (6 damage)
             ... on level 2 of the Dungeon.
             The game lasted 00:01:24 (1196 turns).

safid the Skirmisher (Hill Orc Fighter)             Turns: 1196, Time: 00:01:25

Health: 0/40       AC:  7    Str: 20    XL:     4   Next: 9%
Magic:  4/4        EV:  9    Int:  8    God:
Gold:   44         SH:  4    Dex: 10    Spells: 3/3 levels left

rFire   . . .      SeeInvis .   a - +0 war axe
rCold   . . .      Faith    .   c - +0 buckler
rNeg    . . .      Spirit   .   b - +0 scale mail
rPois   .          Reflect  .   (no helmet)
rElec   .          Harm     .   (no cloak)
rCorr   .          Rampage  .   (no gloves)
Will    .....                   (no boots)
Stlth   ..........              (no amulet)
HPRegen 0.13/turn               (no ring)
MPRegen 0.09/turn               (no ring)

@: no status effects
A: no striking features
a: no special abilities


You were on level 2 of the Dungeon.
You visited 1 branch of the dungeon, and saw 2 of its levels.

You collected 44 gold pieces.

Inventory:

Hand Weapons
 a - a +0 war axe (weapon)
Missiles
 e - 2 poisoned darts (quivered)
Armour
 b - a +0 scale mail (worn)
 c - a +0 buckler (worn)
Scrolls
 f - 3 scrolls of teleportation {unknown}
 g - a scroll of amnesia {unknown}
 i - a scroll of fog {unknown}
 j - a scroll of identify {unknown}
Potions
 d - 2 potions of might
 h - a potion of cancellation {unknown}


   Skills:
 - Level 4.0 Fighting
 + Level 3.8 Axes
 - Level 4.0 Armour
 - Level 4.0 Shields


You had 3 spell levels left.
You didn't know any spells.
Your spell library was empty.

Dungeon Overview and Level Annotations

Branches:
Dungeon (2/15)

Altars:

Shops:
D:1 (

Annotations:
D:2 Natasha


Message History

Natasha casts a spell at you. The magic dart hits you. The white imp hits you.
The white imp freezes you. The shadow imp gestures at you.
Pain shoots through your body! Natasha closely misses you.
Unknown command.
Unknown command.
Unknown command.
Unknown command.
Unknown command.
Unknown command.
Unknown command.
Unknown command.
Unknown command.
Unknown command.
You are too injured to fight recklessly!
The white imp gestures at you. The puff of frost hits you.
* * * LOW HITPOINT WARNING * * *
Natasha zaps a wand.
Some rock shatters into small pieces.
Things that are here:
a +0 dagger; a goblin corpse You hit the shadow imp.
The shadow imp is almost dead.
The shadow imp gestures at you.
You barely resist.
Unknown command.
You barely miss the white imp.
The white imp is almost dead.
You hit the shadow imp.
You kill the shadow imp!
The shadow imp disappears in a puff of smoke!
The white imp gestures at you. The puff of frost hits you.
* * * LOW HITPOINT WARNING * * *
The white imp hits you but does no damage.
You hit the white imp.
You kill the white imp!
The white imp disappears in a puff of smoke!
You hit Natasha. Natasha barely misses you. Natasha claws you.
You die...

#.. #.# ### ... ## ##+#
#.# ##. #...# #.# ##.#
.....# #.## #.## ......##
#..## #.#
.......§###...########.##
.......h@...............#
.......####...##########.
......# ##..# ## #....#
##.# ##.(# #.# ## #8#.
#.# #. . . #.# #. ⌠ #.#
#. #.# #.


You could see Natasha.

Vanquished Creatures
  Natasha (D:2)
  A worm (D:1)
  A dart slug (D:1)
  2 ball pythons (D:1)
  4 bats (D:1)
  An endoplasm (D:1)
  A giant cockroach (D:1)
  3 goblins (D:2)
  3 hobgoblins (D:1)
  4 quokkas (D:2)
  2 frilled lizards
  4 kobolds
  2 rats (D:1)
29 creatures vanquished.

Vanquished Creatures (others)
  A plant (D:1)
1 creature vanquished.

Grand Total: 30 creatures vanquished

Notes
Turn   | Place    | Note
-------+----------+-------------------------------------------
     0 | D:1      | safid the Hill Orc Fighter began the quest for the Orb.
     0 | D:1      | Reached XP level 1. HP: 19/19 MP: 1/1
   108 | D:1      | Reached XP level 2. HP: 10/27 MP: 2/2
   483 | D:1      | Found Ylyub's Weapon Emporium.
   751 | D:1      | Reached XP level 3. HP: 33/33 MP: 3/3
   840 | D:2      | Noticed Natasha
   844 | D:2      | Killed Natasha
   989 | D:2      | Reached XP level 4. HP: 39/40 MP: 4/4
  1185 | D:2      | Noticed Natasha
  1196 | D:2      | Slain by Natasha

Illustrated notes

Levels and vault maps discovered:
D:1:      nzn_arrival_depleted_hourglass, layout_basic, serial_shops,
          nicolae_shop_waterfront, serial_bayou_ford_a,
          minmay_misc_feat_more_columns, st_stairs_13, nicolae_wormholes
D:2:      layout_loops_corners, shapermc_ecumenical_altar_venn,
          mrwooster_statue_mirror, minmay_door_square, uniq_natasha

Skill      XL: |  1  2  3  4 |
---------------+-------------+-----
Axes           | 3 |  3.8
Fighting       | 4 |  4.0
Armour         | 4 |  4.0
Shields        | 4 |  4.0

Action                   |  1- 3 |  4- 6 || total
-------------------------+-------+-------++-------
Melee: War axe           |    59 |    14 ||    73
Armor: Scale mail        |    37 |     9 ||    46
Dodge: Dodged            |    26 |     5 ||    31
Block: Buckler           |    11 |     2 ||    13
